 Dungeon Crawl Stone Soup version 0.32-a0-953-g508020473e (webtiles) character file.

Game seed: 8880115628684271852

2916 Fodor the Protected (level 9, 0/79 HPs)
             Began as a Minotaur Fighter on Apr 16, 2024.
             Was an Initiate of Gozag.
             Succumbed to a killer bee's poison
             ... on level 7 of the Dungeon.
             The game lasted 00:21:05 (6599 turns).

Fodor the Protected (Minotaur Fighter)              Turns: 6599, Time: 00:21:05

Health: 0/79       AC: 14    Str: 26    XL:     9   Next: 50%
Magic:  8/8        EV:  7    Int:  5    God:    Gozag
Gold:   713        SH:  4    Dex:  9    Spells: 8/8 levels left

rFire   + . .        t - +1 flail (heavy)
rCold   x . .        c - +0 buckler
rNeg    . . .        p - +0 plate armour
rPois   .            (helmet restricted)
rElec   .            (no cloak)
rCorr   .            (no gloves)
SInv    .            (no boots)
Will    .....        (no amulet) Stlth
                     y - ring of fire
HPRegen 0.33/turn    (no ring)
MPRegen 0.11/turn

%: no passive effects
@: lethally poisoned (0 -> -15), gold aura
A: horns 2, retaliatory headbutt
a: Renounce Religion, Potion Petition, Call Merchant, Bribe Branch


You were on level 7 of the Dungeon.
You worshipped Gozag.
Gozag was pleased with you.
You visited 2 branches of the dungeon, and saw 8 of its levels.
You also visited: Ossuary.

You collected 1028 gold pieces.
You spent 250 gold pieces at shops.
You paid 65 gold pieces to Gozag.

Inventory:

Hand Weapons
 b - a +1 arbalest of flaming
 t - a +1 heavy flail (weapon)
Missiles
 F - 12 darts of dispersal (quivered)
Armour
 c - a +0 buckler (worn)
 n - a +0 chain mail
 p - a +0 plate armour (worn)
Jewellery
 y - a ring of fire (left hand)
Talismans
 u - a maw talisman
Wands
 w - a wand of polymorph (8)
 z - a wand of digging (8)
 A - a wand of flame (18)
Scrolls
 a - 3 scrolls of teleportation {unknown}
 e - 3 scrolls of poison
 f - 2 scrolls of blinking
 g - 2 scrolls of enchant weapon {unknown}
 j - a scroll of vulnerability {unknown}
 m - 4 scrolls of immolation
 o - 2 scrolls of noise
 s - 2 scrolls of torment
 x - a scroll of acquirement {unknown}
 C - a scroll of revelation {unknown}
 E - a scroll of enchant armour {unknown}
Potions
 d - 2 potions of might
 h - a potion of brilliance {unknown}
 i - 4 potions of haste {unknown}
 k - a potion of attraction {unknown}
 l - 3 potions of enlightenment {unknown}
 q - 3 potions of heal wounds {unknown}
 r - a potion of cancellation {unknown}
 v - a potion of degeneration {unknown}
 B - a potion of magic {unknown}
 D - a potion of invisibility {unknown}


   Skills:
 + Level 7.1 Fighting
 + Level 7.7(8.8) Axes
 + Level 6.6(8.3) Maces & Flails
 + Level 8.8 Armour
 + Level 3.5 Dodging
 + Level 1.2 Stealth
 + Level 6.3 Shields


You had 8 spell levels left.
You didn't know any spells.
Your spell library contained the following spells:

 Spells                   Type           Power      Damage    Failure   Level
 Foxfire                  Conj/Fire      0%         2x1d4     99%         1
 Necrotise                Necr           0%         1d4       99%         1
 Shock                    Conj/Air       0%         1d3       99%         1
 Slow                     Hex            0%         N/A       99%         1
 Confusing Touch          Hex            0%         N/A       100%        3
 Fugue of the Fallen      Necr           0%         N/A       100%        3
 Ozocubu's Armour         Ice            0%         N/A       100%        3
 Vampiric Draining        Necr           0%         2d6       100%        3
 Martyr's Knell           Necr/Summ      0%         N/A       100%        4
 Summon Lightning Spire   Summ/Air       0%         N/A       100%        4
 Curse of Agony           Necr           0%         N/A       100%        5
 Dispersal                Tloc           0%         N/A       100%        6
 Eringya's Noxious Bog    Alch           0%         4d6       100%        6
 Gell's Gavotte           Tloc           0%         2d(11-16) 100%        6
 Plasma Beam              Fire/Air       0%         2x1d10    100%        6
 Starburst                Conj/Fire      0%         6d3       100%        6
 Manifold Assault         Tloc           0%         N/A       100%        7
 Disjunction              Tloc           0%         N/A       100%        8
 Chain Lightning          Conj/Air       0%         N/A       100%        9


Dungeon Overview and Level Annotations

Branches:
Dungeon (7/15)             Temple (1/1) D:4         Ossuary (visited)

Altars:
Ashenzari
Cheibriados
Dithmenos
Fedhas
Gozag
Hepliaklqana
Kikubaaqudgha
Makhleb
Nemelex Xobeh
Ru
Trog
Uskayaw
Vehumet
Wu Jian
Xom
Yredelemnul
Zin

Shops:
D:1 !   D:3 (*


Innate Abilities, Weirdness & Mutations

You have a pair of horns on your head.
You reflexively headbutt those who attack you in melee.


Message History

The killer bee evaporates and reforms as a steam dragon!
You feel sick.
The killer bee is distracted by your dazzling golden aura.
The steam dragon breathes steam at you. The ball of steam hits you. You resist.
The killer bee buzzes angrily.
You bludgeon the steam dragon!!
You kill the steam dragon!
The killer bee returns to its original shape as it dies.
You feel sick.
The killer bee is no longer distracted by gold. x2
The killer bee is engulfed in a cloud of scalding steam.
The killer bee stings you.
* * * LOW HITPOINT WARNING * * *
You are more poisoned.
The killer bee poisons you! You block the killer bee's attack.
The killer bee is engulfed in a cloud of scalding steam.
You block the killer bee's attack. The killer bee barely misses you.
You furiously retaliate!
You headbutt the killer bee, but do no damage.
The killer bee stings you.
* * * LOW HITPOINT WARNING * * *
The killer bee is engulfed in a cloud of scalding steam.
The killer bee stings you but does no damage.
The killer bee is engulfed in a cloud of scalding steam.
The killer bee barely misses you. The killer bee stings you.
* * * LOW HITPOINT WARNING * * *
You are more poisoned.
The killer bee poisons you!
The killer bee is engulfed in a cloud of scalding steam.
The killer bee stings you.
* * * LOW HITPOINT WARNING * * *
Blink to where?
Press: ? - help, Dir - move target
As you read the scroll of blinking, it crumbles to dust.
* * * LOW HITPOINT WARNING * * *
You feel very sick.
You feel a bit more experienced.
You die...
Your body crumbles into a pile of gold.

....###§...####### #....##
.....###.y..#.##.# ##.....#####
.....##y§#.......####.......##.##
.........##y........#....#.>.....
..##.##..W##...........###.......
...###......)..........# #..####.
...###................####..#.##.
.......####...........>#......#..
###....# #.....@......#.........
.....### #...........<...#....##.
....## #..............###...###.
..... #....####....###.......#.
..... ....## #..............##.
....## ...# #..####...........
..... #.. ...... ##..........
..###. #......##.. .
#.........#####.


You could see a wraith and 2 killer bees.

Vanquished Creatures
  A two-headed ogre (D:7)
  Sigmund (D:2)
  Eustachio (D:4)
  A steam dragon (D:7)
  Edmund (D:4)
  Menkaure (D:6)
  A water moccasin (D:5)
  Duvessa (D:4)
  A black bear (D:6)
  2 ogres
  2 bullfrogs (D:7)
  A scorpion (D:6)
  Dowan (D:4)
  A killer bee (D:7)
  A howler monkey (D:4)
  4 hounds
  A centaur skeleton (D:3)
  2 orc priests (D:6)
  A gnoll bouda (D:3)
  A jelly (D:6)
  Crazy Yiuf (D:3)
  A sleepcap (D:6)
  3 iguanas
  2 orc wizards (D:4)
  Natasha (thrice) (D:3)
  3 crocodile zombies (Ossuary)
  2 mummies (Ossuary)
  Robin (D:3)
  3 gnolls (D:3)
  7 adders
  A white imp (D:6)
  2 ufetubi (D:4)
  A spectral adder (D:3)
  2 adder skeletons (D:3)
  An adder zombie (D:3)
  A ribbon worm (D:3)
  4 dart slugs
  11 orcs
  7 endoplasms
  2 giant cockroaches
  18 goblins
  14 hobgoblins
  4 jackals (D:1)
  12 kobolds
  7 quokkas
  8 ball pythons
  A ball python skeleton (D:3)
  4 bats
  3 frilled lizards
  2 gnoll zombies (Ossuary)
  4 kobold zombies (Ossuary)
  6 rats
167 creatures vanquished.

Vanquished Creatures (others)
  A killer bee (D:7)
1 creature vanquished.

Grand Total: 168 creatures vanquished

Notes
Turn   | Place    | Note
-------+----------+-------------------------------------------
     0 | D:1      | Fodor the Minotaur Fighter began the quest for the Orb.
     0 | D:1      | Reached XP level 1. HP: 19/19 MP: 0/0
   104 | D:1      | Reached XP level 2. HP: 27/27 MP: 1/1
   300 | D:1      | Found Coelugad's Distillery.
   493 | D:1      | Reached XP level 3. HP: 31/33 MP: 2/2
   955 | D:2      | Reached skill level 4 in Armour
  1014 | D:2      | Noticed Sigmund
  1035 | D:2      | Killed Sigmund
  1036 | D:2      | Reached skill level 1 in Dodging
  1036 | D:2      | Reached XP level 4. HP: 14/41 MP: 3/3
  1036 | D:2      | Reached XP level 5. HP: 16/47 MP: 4/4
  1751 | D:3      | Found the +7 Spriggan's Knife {stab, EV+4 Stlth+}
  1793 | D:3      | Found a runed translucent door.
  1794 | D:3      | Noticed Crazy Yiuf
  1799 | D:3      | Killed Crazy Yiuf
  1800 | D:3      | Reached skill level 5 in Axes
  1800 | D:3      | Reached XP level 6. HP: 37/55 MP: 5/5
  1903 | D:3      | Noticed Natasha
  1913 | D:3      | Killed Natasha
  1914 | D:3      | Reached skill level 5 in Fighting
  2005 | D:3      | Identified the +11 dagger of Infinity {pain, rElec Stlth+}
  2053 | D:3      | Found Hokoxed's General Store.
  2071 | D:3      | Bought a scroll of identify for 24 gold pieces
  2274 | D:3      | Reached skill level 5 in Armour
  2340 | D:3      | Found an opulent altar of Gozag.
  2340 | D:3      | Found a basalt altar of Yredelemnul.
  2348 | D:3      | Became a worshipper of Gozag Ym Sagoz the Greedy
  2398 | D:3      | Found Lizeamup's Weapon Emporium.
  2415 | D:3      | Noticed Robin
  2429 | D:3      | Killed Robin
  2483 | D:3      | Bought a +1 arbalest of flaming for 166 gold pieces
  2612 | D:3      | Noticed Natasha
  2615 | D:3      | Killed Natasha
  2665 | D:3      | Bought a scroll of identify for 24 gold pieces
  2665 | D:3      | Bought a potion of curing for 36 gold pieces
  2759 | D:3      | Noticed Natasha
  2763 | D:3      | Killed Natasha
  2764 | D:3      | Reached XP level 7. HP: 55/61 MP: 6/6
  2882 | D:4      | Found a staircase to the Ecumenical Temple.
  2888 | D:4      | Identified the +4 robe "Eqiholl" {rF+}
  2908 | D:4      | Got the Writings on Fuming Rubedo
  2920 | Temple   | Entered the Ecumenical Temple
  3495 | D:4      | Noticed Edmund
  3502 | D:4      | Killed Edmund
  3581 | D:4      | Found a broken altar of Ashenzari.
  3706 | D:4      | Noticed Eustachio
  3711 | D:4      | Killed Eustachio
  3712 | D:4      | Reached skill level 6 in Armour
  3725 | D:4      | Reached XP level 8. HP: 59/70 MP: 7/7
  3829 | D:4      | Noticed Duvessa
  3830 | D:4      | Noticed Dowan
  3841 | D:4      | Killed Duvessa
  3842 | D:4      | Reached skill level 1 in Maces & Flails
  3842 | D:4      | Reached skill level 5 in Shields
  3849 | D:4      | Killed Dowan
  4172 | D:5      | Entered Level 5 of the Dungeon
  4176 | D:5      | Reached skill level 7 in Armour
  5102 | D:5      | Found a glowing silver altar of Zin.
  5200 | D:5      | Found a burning altar of Makhleb.
  5256 | D:6      | Found a sand-covered staircase.
  5261 | Ossuary  | Entered an ossuary
  5755 | D:6      | Found a shadowy altar of Dithmenos.
  6059 | D:6      | Noticed Menkaure
  6063 | D:6      | Killed Menkaure
  6064 | D:6      | Reached skill level 8 in Armour
  6064 | D:6      | Reached skill level 1 in Stealth
  6064 | D:6      | Reached XP level 9. HP: 78/78 MP: 8/8
  6360 | D:7      | Reached skill level 5 in Maces & Flails
  6408 | D:7      | Noticed a two-headed ogre
  6416 | D:7      | Killed a two-headed ogre
  6599 | D:7      | Succumbed to a killer bee's poison

Illustrated notes

Levels and vault maps discovered:
D:1:      psy_arrival_dodecagon, layout_basic, serial_shops,
          nicolae_shop_industrial_runoff, hangedman_abyss_or_decor_stabs,
          chequers_serial_rivers_room_b
D:2:      layout_basic, uniq_sigmund
D:3:      layout_basic, jmf_multi_god_temple, serial_shops, shop,
          nicolae_shop_temple_entry_statues_fountains,
          dilly_guarded_unrand_morg, uniq_crazy_yiuf_cottage, uniq_robin
D:4:      layout_loops_cross, nicolae_ashenzari_skybound,
          minmay_temple_entry_overgrown, uniq_edmund, uniq_duvessa,
          uniq_eustachio
D:5:      layout_basic, lemuel_doored_altar, lightli_temple_of_fire
D:6:      layout_loops_ring, mainiacjoe_overflow_small_starburst,
          enter_ossuary_2, minmay_unpleasant_kobolds, uniq_menkaure
D:7:      layout_cave_pools
Temple:   minmay_temple_curvy_loop

Skill      XL: |  1  2  3  4  5  6  7  8  9 |
---------------+----------------------------+-----
Fighting       | 4 5 6 7 |  7.1
Shields        | 4 5 6 |  6.3
Axes           | 3 4 5 6 7 |  7.7
Armour         | 4 5 6 8 |  8.8
Dodging        | 1 2 3 |  3.5
Maces & Flails | 4 6 |  6.6
Stealth        | 1 |  1.2

Action                     |  1- 3 |  4- 6 |  7- 9 || total
---------------------------+-------+-------+-------++-------
  Melee: War axe           |    79 |   121 |    61 ||   261
         Headbutt          |     7 |    19 |    33 ||    59
         Flail             |       |       |   143 ||   143
  Evoke: Wand              |       |       |     2 ||     2
    Use: Scroll            |       |     4 |     2 ||     6
         Potion            |       |       |     2 ||     2
 Armour: Scale mail        |    49 |       |       ||    49
         Chain mail        |    19 |   126 |   211 ||   356
         Plate armour      |       |       |    49 ||    49
  Dodge: Dodged            |    40 |    63 |   135 ||   238
  Block: Buckler           |    20 |    21 |    64 ||   105

Table legend: (Time is in decaauts)
 A = Elapsed time spent in this place.
 B = Non-inter-level travel time spent in this place.
 C = Inter-level travel time spent in this place.
 D = Time resting spent in this place.
 E = Time spent auto-exploring this place.
 F = Levels seen in this place.
 G = Mean time per level.
                   A        B        C        D        E       F      G
               +--------+--------+--------+--------+--------+-----+--------+
         Total |   6772 |   6660 |    112 |    744 |   3721 |   9 |  752.4 |
       Dungeon |   6525 |   6413 |    112 |    629 |   3721 |   7 |  932.1 |
        Temple |      1 |      1 |      0 |      0 |      0 |   1 |    1.0 |
       Ossuary |    245 |    245 |      0 |    115 |      0 |   1 |  245.0 |
               +--------+--------+--------+--------+--------+-----+--------+

Top non-repeatable levels by time:
     D:4: 1359 daAuts
     D:3: 1153 daAuts
     D:5: 1077 daAuts
     D:1: 970 daAuts
     D:6: 925 daAuts
     D:2: 784 daAuts
     D:7: 253 daAuts
 Ossuary: 245 daAuts
  Temple: 1 daAuts
